 Dungeon Crawl Stone Soup version 0.19.1 (webtiles) character file.

77 Firecrotchwizard the Skirmisher (level 4, -7/45 HPs)
             Began as a Troll Fighter on Dec 22, 2016.
             Killed from afar by an orc wizard (8 damage)
             ... with a magic dart
             ... on level 3 of the Dungeon.
             The game lasted 00:03:22 (1937 turns).

Firecrotchwizard the Skirmisher (Troll Fighter)     Turns: 1937, Time: 00:03:23

Health: -7/45      AC:  5    Str: 24    XL:     4   Next: 14%
Magic:  3/3        EV:  8    Int:  4    God:
Gold:   184        SH:  9    Dex: 10    Spells: 0 memorised, 3 levels left

rFire  . . .     SeeInvis .     a - +0 flail
rCold  . . .     Gourm    +     b - +0 robe
rNeg   . . .     Faith    .     c - +0 shield
rPois  .         Spirit   .     (helmet restricted)
rElec  .         Reflect  .     (no cloak)
rCorr  .         Harm     .     (gloves unavailable)
MR     .....                    (boots unavailable)
Stlth  +.........               (no amulet)
                                (no ring)
                                (no ring)

@: lethally poisoned (-7 -> -10)
A: unfitting armour, claws 3, fast metabolism 3, gourmand, regeneration 1,
shaggy fur 1, tough skin 2
a: no special abilities


You were on level 3 of the Dungeon.
You were not hungry.

You visited 1 branch of the dungeon, and saw 3 of its levels.

You collected 184 gold pieces.

Inventory:

Hand Weapons
 a - a +0 flail (weapon)
Armour
 b - a +0 robe (worn)
 c - a +0 shield (worn)
Scrolls
 e - a scroll of teleportation
 k - 2 scrolls of enchant weapon {unknown}
 l - a scroll of random uselessness {unknown}
 m - 2 scrolls of noise {unknown}
 n - 3 scrolls of identify {unknown}
 r - a scroll of fear {unknown}
 s - a scroll of amnesia {unknown}
Potions
 d - 3 potions of might
 i - 2 potions of mutation {unknown}
 j - a potion of heal wounds {unknown}
 o - a potion of flight {unknown}
 p - 2 potions of agility {unknown}
 q - a potion of brilliance {unknown}
 t - a potion of curing {unknown}
Comestibles
 f - 5 bread rations
 g - a meat ration


   Skills:
 * Level 3.0 Fighting
 * Level 2.7 Maces & Flails
 + Level 2.9 Dodging
 + Level 2.7 Shields


You had 3 spell levels left.
You didn't know any spells.

Dungeon Overview and Level Annotations

Branches:
Dungeon (3/15)

Altars:


Innate Abilities, Weirdness & Mutations

You are too large for most types of armour.
You have claws for hands.
Your metabolism is lightning-fast.
You like to eat raw meat.
Your natural rate of healing is unusually fast.
You are covered in fur. (AC +1)
You have very tough skin. (AC +2)


Message History

The orc wizard hits you but does no damage.
The orc closely misses you. The orc hits you with a hand axe.
* * * LOW HITPOINT WARNING * * *
You block the orc's attack.
You miss the adder.
The adder is almost dead.
You feel sick. The adder bites you.
* * * LOW HITPOINT WARNING * * *
You are lethally poisoned!
The adder poisons you! You block the orc's attack.
The orc wizard closely misses you. You block the orc's attack.
The orc barely misses you. The adder closely misses you.
The orc barely misses you.
You closely miss the adder.
The adder is almost dead.
* * * LOW HITPOINT WARNING * * *
You feel sick.
The orc wizard points at you and mumbles some strange words.
The magic dart hits you!
You die...

.....###### ..........#
..#######.# ###### #.#
####.....# #.# #
#>.......# #.# #.#.
#........# #.#
#.#.###........# #.#
#......oo......#
#.#######...# #S@.......
#...........###ooo.....#
##.##...................
...##.##.#o#........###.
...##.##.#.#...........
.......(...........####
...#.....#.#......(#
#..#.#.###.#....>..#
...........#.......#


You could see an orc wizard, an adder and 4 orcs.

Vanquished Creatures
  An adder (D:2)
  A howler monkey skeleton (D:3)
  3 dart slugs
  3 leopard geckos
  2 orcs (D:3)
  5 bats
  3 giant cockroaches
  7 goblins
  4 hobgoblins
  3 jackals (D:1)
  2 frilled lizards (D:1)
  8 kobolds
  4 rats
46 creatures vanquished.

Notes
Turn   | Place    | Note
-------+----------+-------------------------------------------
     0 | D:1      | Firecrotchwizard the Troll Fighter began the quest for the Orb.
     0 | D:1      | Reached XP level 1. HP: 22/22 MP: 0/0
   232 | D:1      | Reached XP level 2. HP: 29/29 MP: 1/1
   735 | D:2      | Reached XP level 3. HP: 36/36 MP: 2/2
  1841 | D:3      | Reached skill level 3 in Fighting
  1881 | D:3      | Reached XP level 4. HP: 39/45 MP: 3/3
  1936 | D:3      | HP: 2/45 [adder (3)]
  1937 | D:3      | Killed from afar by an orc wizard

Skill      XL: |  1  2  3 |
---------------+----------+-----
Maces & Flails | 2 |  2.7
Fighting       | 3 |  3.0
Dodging        | |  2.9
Shields        | |  2.7

Action                   |  1- 3 |  4- 6 || total
-------------------------+-------+-------++-------
Melee: Flail             |   125 |    20 ||   145
  Use: Scroll            |       |     2 ||     2
  Eat: Chunk             |    16 |       ||    16
       Pizza             |     1 |       ||     1
Armor: Robe              |    47 |    12 ||    59
Dodge: Dodged            |    41 |    19 ||    60
Block: Shield            |    65 |    24 ||    89
